 Dungeon Crawl Stone Soup version bcrawl-1.12-5-g74a5124548 (webtiles) character file.

Game seed: 4843082823007624386

37 Arkanax the Skirmisher (level 3, -4/30 HPs)
             Began as a Hill Orc Archaeologist on June 1, 2019.
             Slain by an ogre
             ... wielding a +0 giant club
              (15 damage)
             ... on level 2 of the Dungeon.
             The game lasted 00:01:38 (1210 turns).

Arkanax the Skirmisher (Hill Orc Archaeologist)     Turns: 1210, Time: 00:01:38

Health: -4/30      AC: 15    Str: 14    XL:     3   Next: 41%
Magic:  3/3        EV:  8    Int: 14    God:
Gold:   50         SH:  0    Dex:  9    Spells: 2/2 levels left

rFire    . . .     SeeInvis .     - Unarmed
rCold    . . .     Gourm    .   (no shield)
rNeg     . . .     Faith    .   q - +0 storm dragon scales
rPois    .         Spirit   .   b - +1 hat
rElec    +         Reflect  .   (no cloak)
rCorr    .         Harm     .   d - +1 pair of gloves
MR       .....                  c - +1 pair of boots
Stlth    ..........             (no amulet)
HPRegen  0.10/turn              (no ring)
MPRegen  0.08/turn              (no ring)

@: studying Fighting
A: no striking features
a: no special abilities


You were on level 2 of the Dungeon.
You were not hungry.

You visited 1 branch of the dungeon, and saw 2 of its levels.

You collected 50 gold pieces.

Inventory:

Armour
 a - a +1 robe
 b - a +1 hat (worn)
 c - a +1 pair of boots (worn)
 d - a +1 pair of gloves (worn)
 q - +0 storm dragon scales (worn)
Scrolls
 i - 2 scrolls of noise {unknown}
 m - 3 scrolls of remove curse {unknown}
 n - a scroll of fog {unknown}
 o - a scroll of identify {unknown}
Potions
 h - a potion of haste {unknown}
 j - a potion of heal wounds {unknown}
 k - a potion of lignification {unknown}
 l - a potion of invisibility {unknown}
 p - a potion of flight {unknown}
Books
 e - a manual of Fighting
Miscellaneous
 f - an ancient crate
Comestibles
 g - 3 rations {!d}


   Skills:
 + Level 2.9 Fighting
   Level 2.9 Short Blades
   Level 2.9 Long Blades
   Level 2.9 Axes
   Level 2.9 Maces & Flails
   Level 2.9 Polearms
   Level 2.9 Staves
 - Level 2.4 Dodging
 - Level 2.6 Stealth
   Level 2.9 Unarmed Combat


You had 2 spell levels left.
You didn't know any spells.
Your spell library was empty.

Dungeon Overview and Level Annotations

Branches:
Dungeon (2/12)

Altars:


Message History

You are too injured to fight recklessly!
You are too injured to fight recklessly!
You are too injured to fight recklessly!
You are too injured to fight recklessly!
You are too injured to fight recklessly!
You are too injured to fight recklessly!
You are too injured to fight recklessly!
You are too injured to fight recklessly!
You are too injured to fight recklessly!
You are too injured to fight recklessly!
You are too injured to fight recklessly!
You are too injured to fight recklessly!
You are too injured to fight recklessly!
You are too injured to fight recklessly!
You are too injured to fight recklessly!
Unknown command.
You see here 2 scrolls labeled SUFUSU DIERIAC.
The ogre hits you with a +0 giant club!
Ouch! That really hurt!
You die...

#.......^##.# #.#..# .
#........... #.#..#.#
#.....w...# ###....#.#
#.........#####.....#..#
############....#.......†...###
#..........#.?#................
#..##......[..##...............
#..........#gO#....÷.[....#####
#..♣.......#..@.....(÷..<.#
#.♣_♣..................)..#
#..♣.......#..............#
#..........#........#####.#
#####......#.......<# ...
#...........##..# #...
#......#...)##..# #....
######...†>##...# ....
##.........#.# ...


You could see an ogre, a worm and a goblin.

Vanquished Creatures
  A dart slug (D:1)
  3 leopard geckos
  3 orcs (D:2)
  3 bats (D:1)
  2 giant cockroaches (D:2)
  2 goblins
  4 hobgoblins
  A quokka (D:2)
  2 frilled lizards (D:1)
  3 kobolds (D:1)
  4 rats (D:1)
28 creatures vanquished.

Notes
Turn   | Place    | Note
-------+----------+-------------------------------------------
     0 | D:1      | Arkanax the Hill Orc Archaeologist began the quest for the
                  | Orb.
     0 | D:1      | Reached XP level 1. HP: 15/15 MP: 1/1
    60 | D:1      | Reached skill level 1 in Fighting
   124 | D:1      | Reached XP level 2. HP: 3/23 MP: 2/2
   894 | D:2      | Reached XP level 3. HP: 20/30 MP: 3/3
  1178 | D:2      | Found a faded altar of an unknown god.
  1199 | D:2      | Noticed an ogre
  1210 | D:2      | Slain by an ogre

Skill      XL: |  1  2 |
---------------+-------+-----
Fighting       | 1 2 |  2.9
Short Blades   | |  2.9
Long Blades    | |  2.9
Axes           | |  2.9
Maces & Flails | |  2.9
Polearms       | |  2.9
Staves         | |  2.9
Dodging        | |  2.4
Stealth        | |  2.6
Unarmed Combat | |  2.9

Action                   || total
-------------------------++-------
Melee: Unarmed           ||   183
       Punch             ||     1
  Eat: Chunk             ||     1
Armor: Robe              ||    39
       Storm dragon scal ||    98
Dodge: Dodged            ||   141
